 Dungeon Crawl Stone Soup version 0.29.1-12-g30fa7ad0bf (webtiles) character file.

Game seed: 17346175205954547666

265074 wingedge the Earth Mage (level 20, -5/132 HPs)
             Began as a Gargoyle Earth Elementalist on Dec 18, 2022.
             Was the Champion of Vehumet.
             Killed from afar by an ironbound frostheart (26 damage)
             ... by creeping frost
             ... on level 2 of the Vaults.
             The game lasted 02:44:31 (54430 turns).

wingedge the Earth Mage (GrEE)                     Turns: 54430, Time: 02:44:32

Health: -5/132     AC: 25    Str: 13    XL:     20   Next: 6%
Magic:  32/37      EV: 13    Int: 29    God:    Vehumet [******]
Gold:   1405       SH: 11    Dex: 12    Spells: 3/45 levels left

rFire   . . .      SeeInvis +   b - +9 long sword (spect)
rCold   . . .      Faith    .   E - +0 kite shield of Precision Catastrophes {Will+ Dex+2}
rNeg    + . .      Spirit   .   w - +2 robe {Archmagi}
rPois   ∞          Reflect  .   r - +0 mask of the Dragon {Will+ Slay+3 SInv}
rElec   +          Harm     .   Z - scarf {repulsion}
rCorr   .          Rampage  .   y - +1 pair of gloves
Will    +++++      Archmagi +   n - +2 pair of boots
Stlth   ++........ Rage     50% B - necklace of Bloodlust {*Rage Will++ Int-3 Slay+6}
HPRegen 0.32/turn               N - ring of wizardry
MPRegen 0.25/turn               K - ring of Onoaj {Int+8 SInv}

@: frozen, on berserk cooldown, flying, slowed, studying Evocations, repel
missiles, very slow
A: sickness immunity, AC +15, big wings, negative energy resistance 1,
electricity resistance, torment resistance 1, petrification resistance
}: 2/15 runes: barnacled, gossamer
a: Renounce Religion


You were on level 2 of the Vaults.
You worshipped Vehumet.
Vehumet was exalted by your worship.
You visited 7 branches of the dungeon, and saw 33 of its levels.
You visited 1 bazaar.
You also visited: Trove.

You collected 4371 gold pieces.
You spent 2966 gold pieces at shops.

Inventory:

Hand Weapons
 b - a +9 spectral long sword (weapon)
 d - the +8 morningstar "Dragonbane" {chaos, Int+4}
   (You took it off a merfolk on level 4 of the Shoals)

   Each time it hits an enemy it has a different, random effect.
   Int:       It affects your intelligence (+4).
 C - the +3 war axe of the Priest {vorpal, rElec rPois rC++ Str-4}
   (You found it on level 2 of the Shoals)

   It inflicts extra damage upon your enemies.
   Str:       It affects your strength (-4).
   rC:        It greatly protects you from cold.
   rElec:     It insulates you from electricity.
   rPois:     It protects you from poison.
Missiles
 M - 3 throwing nets (quivered)
Armour
 n - a +2 pair of boots (worn)
 q - a +2 robe of willpower
 r - the +0 mask of the Dragon (worn) {Will+ Slay+3 SInv}
   (You bought it in a shop on level 2 of the Orcish Mines)

   Slay:      It affects your accuracy & damage with ranged weapons and melee
   (+3).
   SInv:      It lets you see invisible.
   Will:      It increases your willpower.
 w - a +2 robe of the Archmagi (worn)
 y - a +1 pair of gloves (worn)
 E - the +0 kite shield of Precision Catastrophes (worn) {Will+ Dex+2}
   (You acquired it in a bazaar)

   Dex:       It affects your dexterity (+2).
   Will:      It increases your willpower.
 I - a scarf of resistance
 S - +0 acid dragon scales
 Z - a scarf of repulsion (worn)
Magical Staves
 a - a staff of earth
 c - a staff of conjuration
Jewellery
 e - a ring of fire
 f - an amulet of regeneration
 g - a +6 ring of intelligence
 l - a ring of positive energy
 B - the necklace of Bloodlust (around neck) {*Rage Will++ Int-3 Slay+6}
   (You took it off a merfolk on level 4 of the Shoals)

   [amulet of nothing]

   It extends the wearer's berserk rage when killing foes.
   Int:       It affects your intelligence (-3).
   Slay:      It affects your accuracy & damage with ranged weapons and melee
   (+6).
   *Rage:     It berserks you when you make melee attacks (+50% chance).
   Will:      It greatly increases your willpower.
 K - the ring of Onoaj (right hand) {Int+8 SInv}
   (You bought it in a shop in a bazaar)

   [ring of see invisible]

   Int:       It affects your intelligence (+8).
   SInv:      It lets you see invisible.
 N - a ring of wizardry (left hand)
 P - a ring of willpower
 R - an amulet of reflection
 T - a ring of resist corrosion
 V - a ring of protection from cold
Wands
 D - a wand of quicksilver (14)
 F - a wand of mindburst (6)
 U - a wand of charming (4)
Scrolls
 i - a scroll of summoning
 k - 4 scrolls of blinking
 m - 6 scrolls of magic mapping
 v - 2 scrolls of amnesia
 z - 4 scrolls of immolation
 J - 14 scrolls of identify
 L - 10 scrolls of teleportation
 Q - 4 scrolls of fog
 X - a scroll of fear
Potions
 h - 4 potions of ambrosia
 j - 6 potions of mutation
 o - 6 potions of might
 p - 4 potions of berserk rage
 s - 8 potions of heal wounds
 t - 3 potions of invisibility
 u - 7 potions of curing
 x - 3 potions of haste
 G - 2 potions of magic
 H - 7 potions of brilliance
 W - 2 potions of resistance
Miscellaneous
 A - a phial of floods
 O - a condenser vane (inert)
 Y - a phantom mirror


   Skills:
 + Level 16.3 Fighting
 + Level 10.4 Long Blades
 - Level 7.0 Armour
 - Level 6.0 Dodging
 - Level 2.1 Stealth
 - Level 10.0 Shields
 - Level 13.0 Spellcasting
 - Level 16.0 Conjurations
 - Level 6.0 Translocations
 - Level 4.0 Transmutations
 - Level 6.0 Ice Magic
 - Level 4.0 Air Magic
 + Level 20.0 Earth Magic
 - Level 1.0 Poison Magic
 + Level 4.0 Evocations


You had 3 spell levels left.
You knew the following spells:

 Your Spells              Type           Power      Damage    Failure   Level
a - Passage of Golubria   Tloc           69%        N/A       1%          4
b - Shatter               Erth           58%        3d43*     17%         9
c - Mephitic Cloud        Conj/Pois/Air  73%        N/A       1%          3
d - Apportation           Tloc           100%       N/A       1%          1
f - Freezing Cloud        Conj/Ice/Air   40%        6-21      1%          5
h - Lee's Rapid Deconstr  Erth           58%        3d28*     1%          5
i - Lehudib's Crystal Sp  Conj/Erth      55%        10d13     3%          8
o - Orb of Destruction    Conj           53%        9d13      1%          7

Your spell library contained the following spells:

 Spells                   Type           Power      Damage    Failure   Level
 Maxwell's Capacitive Co  Air            29%        ∞         99%         8
 Fire Storm               Conj/Fire      39%        8d10      100%        9
 Magic Dart               Conj           100%       1d8       0%          1
 Sandblast                Erth           100%       2d20      0%          1
 Searing Ray              Conj           100%       2d8       0%          2
 Stone Arrow              Conj/Erth      100%       3d13      0%          3
 Ensorcelled Hibernation  Hex/Ice        100%       N/A       1%          2
 Passwall                 Tmut/Erth      77%        N/A       1%          2
 Wereblood                Tmut           58%        N/A       1%          2
 Dazzling Flash           Conj/Hex       100%       N/A       1%          3
 Gell's Gravitas          Tloc           69%        N/A       1%          3
 Ignite Poison            Fire/Tmut/Pois 42%        N/A       1%          3
 Swiftness                Air            58%        N/A       1%          3
 Teleport Other           Tloc           69%        N/A       1%          3
 Necrotise                Necr           100%       1d9       2%          1
 Slow                     Hex            100%       N/A       2%          1
 Summon Small Mammal      Summ           100%       N/A       2%          1
 Portal Projectile        Hex/Tloc       100%       N/A       2%          3
 Confusing Touch          Hex            28%        N/A       8%          3
 Tukima's Dance           Hex            28%        N/A       8%          3
 Vampiric Draining        Necr           28%        2d8       8%          3
 Animate Armour           Summ/Erth      100%       N/A       1%          4
 Fulminant Prism          Conj/Hex       39%        3d18      1%          4
 Iskenderun's Mystic Bla  Conj/Tloc      89%        2d17      1%          4
 Leda's Liquefaction      Hex/Erth       43%        N/A       1%          4
 Petrify                  Tmut/Erth      93%        N/A       1%          4
 Borgnjor's Vile Clutch   Necr/Erth      43%        N/A       1%          5
 Irradiate                Conj/Tmut      43%        3d26      1%          5
 Iron Shot                Conj/Erth      55%        9d10      1%          6
 Starburst                Conj/Fire      39%        6d11      4%          6
 Yara's Violent Unravell  Hex/Tmut       22%        3d10      9%          5
 Corpse Rot               Necr/Pois/Air  42%        N/A       12%         4
 Blade Hands              Tmut           29%        N/A       13%         5
 Metabolic Englaciation   Hex/Ice        26%        N/A       19%         5
 Animate Dead             Necr           28%        N/A       24%         4
 Cause Fear               Hex            14%        N/A       24%         4
 Dispel Undead            Necr           28%        3d13      24%         4
 Alistair's Intoxication  Tmut/Pois      33%        N/A       24%         5
 Silence                  Hex/Air        22%        N/A       28%         5
 Dispersal                Tloc           34%        N/A       30%         6
 Death Channel            Necr           14%        N/A       97%         6
 Dragon Form              Tmut           29%        N/A       98%         7
 Summon Hydra             Summ           14%        N/A       100%        7
 Death's Door             Necr           14%        N/A       100%        9
 Dragon's Call            Summ           14%        N/A       100%        9
 Sublimation of Blood     Necr           Unusable   N/A       N/A         2
 Statue Form              Tmut/Erth      Unusable   N/A       N/A         6

Dungeon Overview and Level Annotations

Branches:
Dungeon (15/15)            Temple (1/1) D:4            Lair (5/5) D:10
 Shoals (4/4) Lair:2       Spider (4/4) Lair:2        Slime (0/5) Lair:5
    Orc (2/2) D:12            Elf (0/3) Orc:2        Vaults (2/5) D:14
 Depths (0/4) D:15
  Crypt: Vaults:2-3

Altars:
Ashenzari
Cheibriados
Dithmenos
Elyvilon
Fedhas
Gozag
Hepliaklqana
Kikubaaqudgha
Makhleb
Nemelex Xobeh
Okawaru
Qazlal
Ru
Sif Muna
Trog
Uskayaw
Vehumet
Wu Jian
Xom
Yredelemnul
Zin
The Shining One

Shops:
D:1 :   D:4 [   D:11 *   D:12 ([   Orc:1 [   Orc:2 (:*?   Shoals:1 ?
Shoals:3 (   Vaults:2 (


Innate Abilities, Weirdness & Mutations

You are immune to sickness and miasma.
Your stone body is resilient. (AC +15)
You are immune to poison.
Your large and strong wings let you fly.
You resist negative energy. (rN+)
You are resistant to electric shocks. (rElec)
You are resistant to unholy torment.
You are immune to petrification.


Message History

The frost grips you!!
You are encased in ice.
The yaktaur captain hits you.
Unknown command.
You feel your anger nearly subside.
You are no longer berserk.
You are exhausted.
You feel yourself slow down.
Unknown command.
Clouds of flame condense around you!
The condenser dries out!
The ice encasing you melts away.
The ufetubus is engulfed in blazing flames.
The yaktaur captain is engulfed in blazing flames.
The ironbound frostheart is engulfed in blazing flames.
The ironbound frostheart calls freezing cold from the walls.
The frost grips you!!
* * * LOW HITPOINT WARNING * * *
You are encased in ice.
The deep troll earth mage is engulfed in blazing flames.
The yaktaur captain is engulfed in blazing flames.
The yaktaur captain hits you!!
* * * LOW HITPOINT WARNING * * *
The ironbound convoker is engulfed in blazing flames.
The ironbound convoker points at the yaktaur captain and mumbles some strange words.
The yaktaur captain seems to grow stronger.
The ironbound preserver is engulfed in blazing flames.
The ironbound preserver completely misses you.
The ironbound thunderhulk is engulfed in blazing flames.
The ironbound thunderhulk closely misses you.
The ufetubus is engulfed in blazing flames.
You kill the ufetubus!
Vehumet accepts your kill.
You feel your power returning.
The yaktaur captain is engulfed in blazing flames.
You kill the ironbound preserver!
Vehumet accepts your kill.
You feel your power returning.
The ironbound frostheart is engulfed in blazing flames.
The ironbound frostheart calls freezing cold from the walls.
The frost grips you!!
You die...

#....######'#......
#..................
#..................
#..................
#...)..............
#c.................
#§)................
#§##c###..............
#§ppO@##..............
##§c§###..........
#8§§T8 #........
###§## ....... .. ....
#.. ... ###


You could see an ironbound thunderhulk (sheltered), 2 yaktaur captains, an
ironbound frostheart (strong, sheltered), an ironbound convoker (sheltered), a
deep troll earth mage and a yaktaur (sheltered).

Vanquished Creatures
  Jorgrun (D:14)
  Rupert (Spider:1)
  A kraken (Shoals:3)
  A sphinx (Vaults:1)
  Ilsuiw (Shoals:4)
  4 emperor scorpions
  A frost giant (Shoals:4)
  3 ghost moths
  6 vault wardens
  Louise (D:14)
  9 ironbound preservers
  3 very ugly things (Vaults:2)
  The ghost of 0gre the Thaumaturge, a journeyman GnIE of Vehumet (Lair:5)
  2 ironbound thunderhulks (Vaults:1)
  6 broodmothers
  4 entropy weavers
  The ghost of venomsnake the Fighter, a journeyman MiBe of Trog (D:10)
  A spark wasp (Spider:4)
  Snorg (Orc:1)
  9 merfolk impalers
  A merfolk javelineer (Shoals:4)
  2 ettins
  A fire dragon (Lair:5)
  13 hydras
  6 boulder beetles
  4 great orbs of eyes
  Josephine (Lair:5)
  An ice dragon (D:10)
  2 yaktaur captains (Vaults:2)
  5 vault guards
  5 merfolk avatars
  5 ogre magi
  12 centaur warriors
  11 merfolk aquamancers
  2 jorogumos
  19 two-headed ogres
  5 catoblepae
  4 ironbound frosthearts
  7 death yaks
  A satyr (Shoals:3)
  A tengu warrior (D:14)
  2 orc high priests (Orc:1)
  4 skeletal warriors (D:15)
  7 pharaoh ants
  Lodul (D:14)
  12 sea snakes
  21 deep trolls
  2 sun moths
  4 steelbarb worms
  9 orb spiders
  2 glowing orange brains
  6 ironbound convokers
  Pikel (D:5)
  2 wizards
  9 lindwurms
  15 harpies
  2 deep elf pyromancers
  3 oklob plants
  18 wolf spiders
  21 cyclopes
  15 manticores
  7 fauns
  5 moths of wrath
  2 orc sorcerers
  16 ugly things
  A will-o-the-wisp (D:15)
  4 vault sentinels
  6 merfolk sirens
  Maurice (D:8)
  4 black mambas
  10 elephants
  Joseph (D:8)
  10 water nymphs
  11 torpor snails
  2 gargoyles
  2 freezing wraiths (D:14)
  4 efreet (D:14)
  An ice statue (D:9)
  4 cane toads
  An unseen horror (D:13)
  A komodo dragon (shapeshifter) (D:14)
  10 demonic crawlers
  The ghost of CornPuffBuddha the Reanimator, a novice DsNe (D:5)
  9 komodo dragons
  4 rime drakes
  5 yaktaurs (Vaults:2)
  A yaktaur (shapeshifter) (D:13)
  8 meliai (Spider:4)
  14 polar bears
  30 merfolk
  7 trolls
  6 wind drakes
  The ghost of sanboga the Insei, an amateur DsBe of Trog (D:4)
  20 slime creatures
  3 tyrant leeches (Lair:5)
  13 tarantellas
  8 hornets
  3 raiju (Lair:5)
  A blink frog (shapeshifter) (D:14)
  Grinder (D:4)
  5 dream sheep
  18 jumping spiders
  4 snapping turtles
  15 blink frogs
  7 wraiths
  20 culicivoras
  A shadow (D:12)
  4 wyverns
  11 water elementals
  37 yaks
  A vampire (D:11)
  Grum (D:6)
  A basilisk (shapeshifter) (D:10)
  Eustachio (D:5)
  36 redbacks
  4 basilisks
  6 vampire mosquitoes
  Menkaure (D:7)
  8 wargs
  5 acid dragons
  12 hell hounds (Lair:5)
  15 water moccasins
  2 ice beasts
  19 orc warriors
  An ice beast (shapeshifter) (D:13)
  A sky beast (D:8)
  16 black bears
  33 ogres
  26 wolves
  3 centaurs
  A phantom (D:4)
  4 kobold brigands
  11 bullfrogs
  3 scorpions
  6 gnoll sergeants
  2 necrophages
  13 wights
  A water moccasin zombie (D:4)
  20 killer bees
  2 howler monkeys
  8 electric eels
  13 hounds
  A gnoll bouda (D:6)
  14 orc priests
  3 jellies
  Ijyb (D:5)
  Jessica (D:3)
  Natasha (twice) (D:2)
  A scorpion zombie (D:4)
  7 iguanas
  6 hell rats (Lair:5)
  20 orc wizards
  Robin (D:2)
  5 adders
  22 gnolls
  2 shadow imps (D:3)
  A white imp (D:6)
  2 ufetubi
  2 worms
  A dart slug (D:3)
  74 orcs
  2 bat zombies (D:9)
  11 endoplasms
  2 giant cockroaches (D:1)
  16 goblins
  12 hobgoblins
  2 jackals (D:6)
  31 kobolds
  2 quokkas (D:3)
  13 ball pythons
  6 bats
  4 frilled lizards
  2 rats (D:1)
  A rat zombie (D:9)
  A butterfly (Lair:4)
1228 creatures vanquished.

Vanquished Creatures (others)
  A bush (Lair:4)
  6 foxfires (D:15)
  24 fungi
  141 plants
172 creatures vanquished.

Grand Total: 1400 creatures vanquished

Notes
Turn   | Place    | Note
-------+----------+-------------------------------------------
     0 | D:1      | wingedge the Gargoyle Earth Elementalist began the quest
                  | for the Orb.
     0 | D:1      | Reached XP level 1. HP: 10/10 MP: 3/3
   200 | D:1      | Reached skill level 4 in Earth Magic
   224 | D:1      | Reached skill level 1 in Fighting
   224 | D:1      | Reached XP level 2. HP: 16/16 MP: 3/5
   644 | D:1      | Reached skill level 1 in Conjurations
   936 | D:1      | Found Xeujiureu's Vocational Training.
   938 | D:1      | Reached XP level 3. HP: 20/20 MP: 4/6
  1034 | D:1      | Learned a level 3 spell: Stone Arrow
  1095 | D:2      | Noticed Robin
  1444 | D:2      | Found a faded altar of an unknown god.
  1732 | D:2      | Reached XP level 4. HP: 25/25 MP: 3/7
  1784 | D:2      | Noticed Natasha
  1789 | D:2      | Killed Natasha
  2360 | D:2      | Noticed Natasha
  2361 | D:2      | Killed Natasha
  2362 | D:2      | Reached XP level 5. HP: 29/29 MP: 5/10
  2569 | D:2      | Killed Robin
  2687 | D:2      | Learned a level 3 spell: Mephitic Cloud
  2826 | D:3      | Found a transporter.
  2845 | D:3      | Found a transporter.
  3079 | D:3      | Reached skill level 1 in Poison Magic
  3079 | D:3      | Reached XP level 6. HP: 34/34 MP: 7/12
  3271 | D:3      | Found a white marble altar of Elyvilon.
  3336 | D:3      | Noticed Jessica
  3338 | D:3      | Killed Jessica
  3339 | D:3      | Reached skill level 1 in Air Magic
  3499 | D:3      | Found a shimmering altar of Xom.
  3761 | D:3      | Learned a level 1 spell: Apportation
  4252 | D:4      | Noticed Grinder
  4259 | D:4      | Killed Grinder
  4260 | D:4      | Reached skill level 5 in Spellcasting
  4260 | D:4      | Reached XP level 7. HP: 38/38 MP: 0/15
  4632 | D:4      | Found a staircase to the Ecumenical Temple.
  4633 | D:4      | Found a shadowy altar of Dithmenos.
  4641 | Temple   | Entered the Ecumenical Temple
  4808 | Temple   | Became a worshipper of Vehumet
  5100 | D:4      | Found Ogao's Antique Armour Shop.
  5324 | D:4      | Found a runed translucent gate.
  5324 | D:4      | Found a runed translucent gate.
  5324 | D:4      | Found a runed translucent gate.
  5324 | D:4      | Noticed sanboga's ghost (amateur DsBe)
  5326 | D:4      | Found a basalt altar of Yredelemnul.
  5440 | D:4      | Reached skill level 1 in Ice Magic
  5545 | D:4      | Killed sanboga's ghost
  5546 | D:4      | Reached XP level 8. HP: 41/48 MP: 2/17
  5688 | D:5      | Entered Level 5 of the Dungeon
  5775 | D:5      | Noticed Ijyb
  5785 | D:5      | Killed Ijyb
  5805 | D:5      | Noticed Pikel
  5972 | D:5      | Killed Pikel
  5973 | D:5      | Reached skill level 5 in Fighting
  5973 | D:5      | Reached XP level 9. HP: 54/54 MP: 3/19
  6076 | D:5      | Reached * piety under Vehumet
  6076 | D:5      | Offered knowledge of Freeze by Vehumet.
  6306 | D:5      | Found a glowing silver altar of Zin.
  6522 | D:5      | Found a shimmering blue altar of Sif Muna.
  6526 | D:5      | Noticed Eustachio
  6549 | D:5      | Killed Eustachio
  6784 | D:5      | Found a runed translucent gate.
  6785 | D:5      | Found a runed translucent gate.
  6786 | D:5      | Found a runed translucent gate.
  6787 | D:5      | Identified the +5 sling of the Pill Bug {speed, rElec
                  | Str+3}
  6789 | D:5      | Noticed CornPuffBuddha's ghost (novice DsNe)
  6802 | D:5      | Killed CornPuffBuddha's ghost
  7142 | D:5      | Reached skill level 5 in Conjurations
  7148 | D:5      | Learned a level 5 spell: Freezing Cloud
  7152 | D:5      | Learned a level 3 spell: Swiftness
  7468 | D:6      | Offered knowledge of Poisonous Vapours by Vehumet.
  7513 | D:6      | Reached ** piety under Vehumet
  7624 | D:6      | Reached XP level 10. HP: 61/61 MP: 14/20
  7830 | D:6      | Found a snail-covered altar of Cheibriados.
  7917 | D:6      | Reached skill level 5 in Ice Magic
  7928 | D:6      | Noticed Grum
  7932 | D:6      | Killed Grum
  8405 | D:6      | Learned a level 5 spell: Lee's Rapid Deconstruction
  8419 | D:6      | Offered knowledge of Static Discharge by Vehumet.
  8851 | D:7      | Noticed Menkaure
  8858 | D:7      | Killed Menkaure
  8858 | D:7      | Reached *** piety under Vehumet
  9737 | D:8      | Noticed Maurice
  9744 | D:8      | Killed Maurice
  9745 | D:8      | Reached skill level 1 in Shields
  9745 | D:8      | Reached skill level 1 in Translocations
  9745 | D:8      | Reached skill level 5 in Earth Magic
  9754 | D:8      | Noticed Joseph
  9769 | D:8      | Killed Joseph
  9769 | D:8      | Offered knowledge of Olgreb's Toxic Radiance by Vehumet.
  9770 | D:8      | HP: 1/63 [acid dragon (5)]
 10087 | D:8      | Noticed a cyclops
 10087 | D:8      | Noticed a centaur warrior
 10087 | D:8      | Noticed a centaur warrior
 10088 | D:8      | Noticed a cyclops
 10239 | D:8      | Found a hide-covered altar of Uskayaw.
 10297 | D:8      | Found a burning altar of Makhleb.
 10334 | D:8      | Found a sparkling altar of Nemelex Xobeh.
 10461 | D:8      | Noticed a bunyip
 10518 | D:8      | Reached skill level 6 in Earth Magic
 10809 | D:9      | Reached XP level 11. HP: 55/68 MP: 10/23
 11148 | D:9      | Reached **** piety under Vehumet
 11256 | D:9      | Offered knowledge of Hailstorm by Vehumet.
 11728 | D:9      | Reached skill level 7 in Earth Magic
 11819 | D:9      | Learned a level 5 spell: Irradiate
 12001 | D:9      | Found an ancient bone altar of Kikubaaqudgha.
 12041 | D:10     | Entered Level 10 of the Dungeon
 12053 | D:10     | Reached skill level 1 in Transmutations
 12150 | D:10     | Reached skill level 5 in Shields
 12162 | D:10     | Noticed a two-headed ogre
 12166 | D:10     | Killed a two-headed ogre
 12404 | D:10     | Noticed a death yak
 12423 | D:10     | Killed a death yak
 12872 | D:10     | Found a staircase to the Lair.
 13400 | D:10     | Reached ***** piety under Vehumet
 13730 | D:11     | Offered knowledge of Flame Wave by Vehumet.
 13818 | D:11     | Noticed a cyclops
 13822 | D:11     | Killed a cyclops
 14034 | D:11     | Found a sacrificial altar of Ru.
 14094 | Lair:1   | Entered Level 1 of the Lair of Beasts
 14891 | Lair:2   | Noticed a five-headed hydra
 14896 | Lair:2   | Killed a five-headed hydra
 14897 | Lair:2   | Reached skill level 10 in Fighting
 14897 | Lair:2   | Reached XP level 12. HP: 77/77 MP: 10/24
 15012 | Lair:2   | Reached skill level 8 in Earth Magic
 15201 | Lair:2   | Found a staircase to the Shoals.
 15564 | Lair:2   | Noticed an eight-headed hydra
 15571 | Lair:2   | Killed an eight-headed hydra
 15572 | Lair:2   | Reached skill level 9 in Earth Magic
 15706 | Lair:2   | Found a hole to the Spider Nest.
 15830 | Lair:2   | Reached skill level 10 in Earth Magic
 16424 | Lair:3   | Noticed an eight-headed hydra
 16426 | Lair:3   | Killed an eight-headed hydra
 17369 | Lair:3   | Reached XP level 13. HP: 84/84 MP: 18/26
 18267 | Lair:4   | Reached skill level 10 in Spellcasting
 19579 | Lair:5   | Entered Level 5 of the Lair of Beasts
 19579 | Lair:5   | Found a transporter.
 19720 | Lair:5   | Offered knowledge of Fireball by Vehumet.
 19952 | Lair:5   | Found a transporter.
 19952 | Lair:5   | Noticed 0gre's ghost (journeyman GnIE)
 20089 | Lair:5   | Killed 0gre's ghost
 20269 | Lair:5   | Noticed Josephine
 20279 | Lair:5   | Killed Josephine
 20280 | Lair:5   | Reached skill level 5 in Dodging
 20548 | Lair:5   | Reached skill level 10 in Conjurations
 20548 | Lair:5   | Gained mutation: Your large and strong wings let you fly.
                  | [Gargoyle growth]
 20548 | Lair:5   | Reached XP level 14. HP: 86/91 MP: 6/29
 21115 | Lair:5   | Found a staircase to the Slime Pits.
 22367 | Lair:5   | Found a runed translucent door.
 23369 | Lair:5   | Reached skill level 11 in Earth Magic
 24934 | Lair:5   | Offered knowledge of Conjure Ball Lightning by Vehumet.
 25431 | D:10     | Found a runed translucent gate.
 25431 | D:10     | Found a runed translucent gate.
 25432 | D:10     | Found a runed translucent gate.
 25433 | D:10     | Found an opulent altar of Gozag.
 25434 | D:10     | Noticed venomsnake's ghost (journeyman MiBe)
 25686 | D:10     | Killed venomsnake's ghost
 26527 | D:11     | Reached skill level 12 in Earth Magic
 26838 | D:11     | Found Luyvid's General Store.
 26845 | D:11     | Bought a potion of degeneration for 13 gold pieces
 26845 | D:11     | Bought a scroll of teleportation for 39 gold pieces
 26845 | D:11     | Bought a scroll of blinking for 97 gold pieces
 27448 | D:12     | Found a flickering gateway to a bazaar.
 27462 | Bazaar   | Entered a bazaar
 27478 | Bazaar   | Found Arepsiuck's Jewellery Shoppe.
 27479 | Bazaar   | Found Taciune's Assorted Antiques.
 27522 | Bazaar   | Found Moaxuc's Magic Scroll Emporium.
 27522 | Bazaar   | Found Vumis's Magic Scroll Emporium.
 27575 | Bazaar   | Bought the ring of Onoaj {Int+8 SInv} for 426 gold pieces
 27596 | Bazaar   | Bought a scroll of identify for 24 gold pieces
 27596 | Bazaar   | Bought a scroll of identify for 24 gold pieces
 27596 | Bazaar   | Bought a scroll of enchant armour for 90 gold pieces
 27596 | Bazaar   | Bought a scroll of identify for 24 gold pieces
 27596 | Bazaar   | Bought a scroll of blinking for 90 gold pieces
 27608 | Bazaar   | Bought a scroll of identify for 18 gold pieces
 27608 | Bazaar   | Bought a scroll of blinking for 67 gold pieces
 27626 | Bazaar   | Bought a scroll of identify for 36 gold pieces
 27626 | Bazaar   | Bought a potion of haste for 180 gold pieces
 27629 | Bazaar   | Identified a scroll of acquirement
 27630 | Bazaar   | Acquired the +0 kite shield of Precision Catastrophes
                  | {Will+ Dex+2}
 27813 | D:12     | Reached XP level 15. HP: 99/99 MP: 21/30
 28044 | D:12     | Found Hejitocw's Armour Shoppe.
 28090 | D:12     | Reached skill level 1 in Long Blades
 28643 | D:12     | Offered knowledge of Spellforged Servitor by Vehumet.
 28797 | D:12     | Found a staircase to the Orcish Mines.
 28837 | D:12     | Found Vafal's Weapon Shop.
 29237 | Orc:1    | Entered Level 1 of the Orcish Mines
 29237 | Orc:1    | Found Nish's Antique Armour Shop.
 29301 | Orc:1    | Noticed Snorg
 29308 | Orc:1    | Killed Snorg
 29435 | Orc:2    | Entered Level 2 of the Orcish Mines
 29500 | Orc:2    | Found a staircase to the Elven Halls.
 30164 | Orc:1    | You are sucked into a shaft and drop 1 floor!
 30819 | Orc:2    | Reached skill level 13 in Earth Magic
 31623 | Orc:2    | Found Hihedofoiff's Book Emporium.
 31623 | Orc:2    | Found Zin Ang's Antique Weapon Boutique.
 31624 | Orc:2    | Found Gegasee's Magic Scroll Shop.
 31624 | Orc:2    | Found Dankoha's Assorted Antiques.
 31633 | Orc:2    | Bought the +0 mask of the Dragon {Will+ Slay+3 SInv} for
                  | 1102 gold pieces
 31633 | Orc:2    | Found the +0 mask of the Dragon {Will+ Slay+3 SInv}
 31656 | Orc:2    | Learned a level 8 spell: Lehudib's Crystal Spear
 31657 | Orc:2    | Bought a scroll of enchant weapon for 112 gold pieces
 31658 | Orc:2    | Bought a scroll of identify for 30 gold pieces
 31658 | Orc:2    | Bought a scroll of identify for 30 gold pieces
 31951 | D:13     | Reached skill level 5 in Long Blades
 32411 | D:13     | Reached XP level 16. HP: 106/106 MP: 22/31
 32726 | D:13     | Reached skill level 14 in Earth Magic
 33025 | D:13     | Reached ****** piety under Vehumet
 33330 | D:14     | Offered knowledge of Ozocubu's Refrigeration by Vehumet.
 33333 | D:14     | Noticed Lodul
 33335 | D:14     | Killed Lodul
 33508 | D:14     | Found a runed translucent door.
 33682 | D:14     | Found a runed translucent door.
 33725 | D:14     | Noticed Jorgrun
 33739 | D:14     | Killed Jorgrun
 33803 | D:14     | Reached skill level 15 in Earth Magic
 33971 | D:14     | Found a gate to the Vaults.
 34195 | D:14     | Noticed Louise
 34204 | D:14     | Killed Louise
 34975 | D:14     | Reached skill level 16 in Earth Magic
 35042 | D:14     | Learned a level 4 spell: Passage of Golubria
 35086 | D:14     | Reached skill level 1 in Armour
 35321 | D:15     | Entered Level 15 of the Dungeon
 35746 | D:15     | Found a shadowy altar of Dithmenos.
 36082 | D:15     | Offered knowledge of Orb of Destruction by Vehumet.
 36428 | D:15     | Found a portal to a secret trove of treasure.
 36648 | D:15     | Found a staircase to the Depths.
 37022 | Shoals:1 | Entered Level 1 of the Shoals
 37570 | Shoals:1 | Reached XP level 17. HP: 97/111 MP: 24/32
 37965 | Shoals:1 | Found Zaluqi's Magic Scroll Shop.
 37973 | Shoals:1 | Bought a scroll of amnesia for 40 gold pieces
 37981 | Shoals:1 | Learned a level 7 spell: Orb of Destruction
 38701 | Shoals:2 | Identified the +3 war axe of the Priest {vorpal, rElec
                  | rPois rC++ Str-4}
 40091 | Shoals:3 | Reached skill level 5 in Armour
 40392 | Shoals:3 | Noticed a kraken
 40396 | Shoals:3 | Killed a kraken
 41007 | Orc:2    | Bought a scroll of fear for 132 gold pieces
 41008 | Orc:2    | Bought a book of Blood for 392 gold pieces
 41312 | Shoals:3 | Found Kohaecue's Antique Weapon Emporium.
 41630 | Shoals:3 | Reached skill level 17 in Earth Magic
 41634 | Shoals:3 | Reached skill level 15 in Conjurations
 42296 | Shoals:4 | Entered Level 4 of the Shoals
 42481 | Shoals:4 | Offered knowledge of Iron Shot by Vehumet.
 42664 | Shoals:4 | Reached skill level 5 in Translocations
 42665 | Shoals:4 | Reached skill level 15 in Fighting
 42797 | Shoals:4 | Got a barnacled rune of Zot
 42869 | Shoals:4 | Noticed Ilsuiw
 42879 | Shoals:4 | Killed Ilsuiw
 42888 | Shoals:4 | Identified the +8 morningstar "Dragonbane" {chaos, Int+4}
 43262 | Shoals:4 | Reached XP level 18. HP: 100/119 MP: 14/33
 44663 | Spider:1 | Entered Level 1 of the Spider Nest
 44835 | Spider:1 | Noticed Rupert
 44844 | Spider:1 | Killed Rupert
 45649 | Spider:2 | Offered knowledge of Fire Storm by Vehumet.
 45649 | Spider:2 | Offered knowledge of Shatter by Vehumet.
 45649 | Spider:2 | Offered knowledge of Maxwell's Capacitive Coupling by
                  | Vehumet.
 47210 | Spider:4 | Entered Level 4 of the Spider Nest
 48892 | Spider:4 | Reached XP level 19. HP: 125/125 MP: 24/35
 49625 | Spider:4 | Reached skill level 10 in Shields
 49902 | Spider:4 | Got a gossamer rune of Zot
 49927 | Spider:4 | Learned a level 9 spell: Shatter
 50501 | D:15     | You paid a toll of 6 scrolls of fear to enter a treasure
                  | trove
 50502 | Trove    | Entered a treasure trove
 50664 | Vaults:1 | Entered Level 1 of the Vaults
 51047 | Vaults:1 | Reached skill level 10 in Long Blades
 51185 | Vaults:1 | Reached skill level 18 in Earth Magic
 52114 | Vaults:1 | Identified the +1 robe "Jayhut" {Int+2}
 52267 | Vaults:1 | Reached skill level 19 in Earth Magic
 52400 | Vaults:1 | Got Cigotuvi's Tractate on the Grave
 52752 | Vaults:2 | Found Kecucw's Antique Weapon Emporium.
 52958 | Vaults:2 | Reached skill level 1 in Evocations
 54399 | Vaults:2 | Reached XP level 20. HP: 132/132 MP: 35/37
 54417 | Vaults:2 | Reached skill level 20 in Earth Magic
 54430 | Vaults:2 | Killed from afar by an ironbound frostheart

Illustrated notes

Levels and vault maps discovered:
D:1:      spicycebolla_green_bress_n_ham_2, layout_loops_ring,
          nicolae_shop_vocational
D:2:      layout_rooms, ebering_ecumenical_altar_sacrificial, uniq_natasha,
          uniq_robin
D:3:      gammafunk_wand_slinger, layout_basic,
          mainiacjoe_overflow_cross_hatched, mainiacjoe_overflow_boulevard,
          uniq_jessica
D:4:      layout_loops_ring, nicolae_yredelemnul_ghost_church,
          mainiacjoe_overflow_alcove_1, minmay_temple_entry_overgrown,
          serial_shops, kennysheep_mini_moat, chequers_garden, uniq_grinder
D:5:      layout_rooms, mainiacjoe_overflow_alcove_2,
          nicolae_sif_muna_condensation, gammafunk_ghost_nasty_kobolds,
          uniq_ijyb, uniq_eustachio, uniq_pikel
D:6:      layout_cave_pools, overflow_temple_1_default, serial_gnoll_camp,
          grums_kennel, gnoll_camp_huts_basic, gnoll_camp_mini_hut,
          gnoll_camp_mini_sergeant, gnoll_camp_mini_hut
D:7:      layout_basic, hangedman_decor_clover_reticule, uniq_menkaure
D:8:      layout_basic, mainiacjoe_overflow_24_doors, bloody_makhleb,
          kennysheep_mini, minivault_12, uniq_maurice, uniq_joseph
D:9:      layout_roguey, lemuel_zombie_altar_kikubaaqudgha,
          chequers_decorated_corner, serial_park_tiny_2, kennysheep_path_1,
          kennysheep_donut, minmay_statue_bubble
D:10:     layout_basic, david_lair_generic, ebering_ghost_gozag
D:11:     layout_layer_cave, serial_shops, nicolae_shop_trees,
          nicolae_ru_awakened_eye
D:12:     layout_roguey, hiddenorc2_lemuel, serial_shops, bzr_entry_gold,
          nicolae_shop_bloodbath_and_beyond, nicolae_shop_hallway_stairs
D:13:     minmay_quarter_circles, layout_irregular_city
D:14:     cheibrodos_histonic, layout_basic, skrybe_vaults_entry_preservation,
          minmay_staircase_statues, uniq_lodul, uniq_louise, uniq_jorgrun
D:15:     hangedman_depths_entry_try_elsewhere_first, layout_loops_corners,
          nicolae_trove_entry_crystal, nicolae_dithmenos_the_darkroom, pond
Temple:   grunt_temple_mini_profane
Lair:1:   layout_hall_layers
Lair:2:   layout_regular_city, elwin_shoals_entry_rocks,
          hellmonk_spider_entry_life_and_decay, lemuel_fruit_tree
Lair:3:   layout_hall_layers, wad_woods_river_03
Lair:4:   layout_loops_ring, cheibrodos_lair_lostbears, lemuel_fruit_fields
Lair:5:   wormcave, layout_cave_pods, hangedman_lair_caniforms_friends,
          nicolae_slime_entry_slimehenge, gammafunk_ghost_arena,
          nicolae_lair_yak_garden, uniq_josephine
Shoals:1: layout_shoals, serial_shops, shop, st_shoals_ruin
Shoals:2: layout_shoals, nicolae_shoals_this_corrosion
Shoals:3: layout_shoals, serial_shops, nicolae_shop_trees, nicolae_splish_splash
Shoals:4: shoals_end_grunt_ice, layout_shoals, shoals_ilsuiw_ice
Spider:1: layout_spider_delve, uniq_rupert
Spider:2: layout_spider_delve
Spider:3: layout_spider_delve, hangedman_spider_tarantella_strand
Spider:4: hellmonk_spider_rune_endless_swarm, nicolae_crawler_farm
Orc:1:    layout_diamond_mine, serial_shops, shop, uniq_snorg
Orc:2:    st_orc_ogre_mass, layout_diamond_mine
Vaults:1: v_alt_pattern_5, v_rooms_5, hangedman_vaults_snaps, vaults_room_pools,
          vaults_standard_mumra_lines, vaults_room_door_hall,
          grunt_vaults_focal, nicolae_vaults_network_periphery,
          vaults_room_large_hall, layout_vaults_maze
Vaults:2: vaults_room_fancy_cross, nicolae_vaults_network_quinsquares
          [nicolae_vaults_network_quincunx_subvault,
          nicolae_vaults_network_quincunx_subvault,
          nicolae_vaults_network_quincunx_subvault,
          nicolae_vaults_network_quincunx_subvault], st_spiral_rooms,
          vaults_mumra_chevron, v_misc_13, nicolae_vaults_border_crossing,
          serial_ice_g, layout_vaults_chaotic_city, serial_shops, shop

Skill      XL: |  1  2  3  4  5  6  7  8  9 10 11 12 13 14 15 16 17 18 19 20 |
---------------+-------------------------------------------------------------+-----
Earth Magic    | 4 6 7 10 12 13 16 17 19 20 | 20.0
Fighting       | 1 4 5 6 7 10 11 13 14 15 16 | 16.3
Dodging        | 2 3 4 5 6 |  6.0
Conjurations   | 1 2 3 4 5 6 8 9 10 11 13 14 15 16 | 16.0
Spellcasting   | 3 4 5 6 7 8 9 11 12 13 | 13.0
Poison Magic   | 1 |  1.0
Air Magic      | 1 2 3 4 |  4.0
Ice Magic      | 2 3 4 5 6 |  6.0
Shields        | 3 5 6 8 9 10 | 10.0
Translocations | 1 3 5 6 |  6.0
Transmutations | 4 |  4.0
Long Blades    | 5 6 8 9 10 | 10.4
Armour         | 3 5 7 |  7.0
Evocations     | 3 4 |  4.0
Stealth        | |  2.1

Action                   |  1- 3 |  4- 6 |  7- 9 | 10-12 | 13-15 | 16-18 | 19-21 || total
-------------------------+-------+-------+-------+-------+-------+-------+-------++-------
Melee: Hand axe          |     7 |       |       |       |       |       |       ||     7
       Flail             |       |       |    19 |    22 |    15 |       |       ||    56
       Whip              |       |       |    18 |       |       |       |       ||    18
       Falchion          |       |       |     4 |       |       |       |       ||     4
       Staff             |       |       |       |    12 |    29 |     8 |       ||    49
       Long sword        |       |       |       |       |    86 |    70 |    77 ||   233
 Fire: Sling             |       |       |     8 |    66 |       |       |       ||    74
Throw: Throwing net      |       |       |       |       |     1 |       |       ||     1
 Cast: Sandblast         |    39 |    15 |     1 |       |       |       |       ||    55
       Stone Arrow       |     9 |    39 |    89 |   188 |    84 |     1 |       ||   410
       Mephitic Cloud    |       |     1 |    10 |     8 |     3 |     3 |       ||    25
       Apportation       |       |     1 |       |       |       |       |       ||     1
       Freezing Cloud    |       |       |       |    27 |    43 |    41 |    12 ||   123
       Lee's Rapid Decon |       |       |       |    39 |   301 |   188 |    46 ||   574
       Swiftness         |       |       |       |     4 |     3 |       |       ||     7
       Irradiate         |       |       |       |    16 |    42 |    36 |     1 ||    95
       Lehudib's Crystal |       |       |       |       |       |    98 |    61 ||   159
       Orb of Destructio |       |       |       |       |       |    67 |    18 ||    85
       Shatter           |       |       |       |       |       |       |     3 ||     3
Evoke: Wand              |       |     2 |    14 |     4 |     3 |     4 |     1 ||    28
       Condenser vane    |       |       |       |       |       |     1 |     1 ||     2
  Use: Scroll            |       |       |     6 |     6 |    22 |     8 |     2 ||    44
       Potion            |       |       |     1 |     2 |     7 |     1 |     3 ||    14
 Stab: Distracted        |       |       |       |       |     1 |     2 |     1 ||     4
Armor: Robe              |     6 |     2 |    45 |    52 |    92 |    85 |    46 ||   328
Dodge: Dodged            |    13 |     6 |    55 |    66 |   101 |   112 |    67 ||   420
Block: Kite shield       |       |       |       |    85 |   201 |   181 |    99 ||   566
       Reflection        |       |       |       |     2 |     5 |    34 |       ||    41
